 Dungeon Crawl Stone Soup version 0.27-a0-54-g64bdb92e38 (webtiles) character file.

Game seed: 253041690814773835

39 kae the Insei (level 3, -11/24 HPs)
             Began as an Octopode Transmuter on Jan 7, 2021.
             Mangled by a gnoll
             ... wielding a +0 halberd
              (16 damage)
             ... on level 2 of the Dungeon.
             The game lasted 00:00:48 (1804 turns).

kae the Insei (Octopode Transmuter)                 Turns: 1804, Time: 00:00:49

Health: -11/24     AC:  1    Str: 10    XL:     3   Next: 47%
Magic:  4/6        EV: 13    Int: 15    God:
Gold:   53         SH:  0    Dex: 12    Spells: 5/6 levels left

rFire    . . .     SeeInvis .     - Unarmed
rCold    . . .     Faith    .   (no shield)
rNeg     . . .     Spirit   .   (helmet currently unavailable)
rPois    .         Reflect  .   (no amulet)
rElec    .         Harm     .   (no ring)
rCorr    .         Rampage  .   (no ring)
Will     .....                  (no ring)
Stlth    ++........             (no ring)
HPRegen  0.08/turn              (no ring)
MPRegen  0.10/turn              (no ring)
                                (no ring)
                                (no ring)

@: mighty, brilliant, appendages, very slightly contaminated
A: almost no armour, stealthy swim, amphibious, 8 rings, constrict 8, tentacle
spike 3, camouflage 1, gelatinous body 1
a: End Transformation


You were on level 2 of the Dungeon.
One of your tentacles had a temporary spike.
You visited 1 branch of the dungeon, and saw 2 of its levels.

You collected 53 gold pieces.

Inventory:

Jewellery
 a - an uncursed amulet of faith {unknown}
 f - an uncursed ring of poison resistance {unknown}
Scrolls
 d - a scroll of identify {unknown}
 e - a scroll of enchant weapon {unknown}
 h - 2 scrolls of noise {unknown}
 i - a scroll of magic mapping {unknown}


   Skills:
 + Level 1.6 Fighting
 - Level 2.0 Dodging
 * Level 3.6 Unarmed Combat
 + Level 2.3 Spellcasting
 + Level 2.3 Transmutations


You had 5 spell levels left.
You knew the following spells:

 Your Spells              Type           Power        Failure   Level
a - Beastly Appendage     Tmut           26%          9%          1

Your spell library contained the following spells:

 Spells                   Type           Power        Failure   Level
 Wereblood                Tmut           13%          12%         2
 Spider Form              Tmut/Pois      3%           36%         3
 Ice Form                 Ice/Tmut       7%           78%         4
 Blade Hands              Tmut           6%           92%         5


Dungeon Overview and Level Annotations

Branches:
Dungeon (2/15)

Altars:

Annotations:
D:2 Terence


Innate Abilities, Weirdness & Mutations

You cannot wear most types of armour.
You are very stealthy in the water. (Stealth+)
You are amphibious.
You can wear up to eight rings at the same time.
You can use your tentacles to constrict eight enemies at once.
Your skin changes colour to match your surroundings (Stealth+).
Your rubbery body absorbs attacks. (AC +1, EV +1)
One of your tentacles bears a large vicious spike.


Message History

You kill the bat!
The bat barely misses you.
Casting: Beastly Appendage (safe; 9% risk of failure)
Confirm with . or Enter, or press ? or * to list all spells.
You feel a surge of power!
One of your tentacles grows a vicious spike.
The bat closely misses you.
The gnoll hits you from afar with a +0 halberd!
* * * LOW HITPOINT WARNING * * *
The bat closely misses you. The bat hits you but does no damage.
The gnoll barely misses you.
You closely miss the bat. Your grab misses the bat.
Your tentacle spike misses the bat.
You squeeze the bat.
You kill the bat!
You aren't carrying any potions.
As you read the scroll labelled MAVICI TUPORU, it crumbles to dust.
You feel blessed for a moment.
It was a scroll of remove curse.
The gnoll hits you from afar with a +0 halberd!
Ouch! That really hurt!
You die...

######## #..)...# ##
#.####.#
.##########.##.#@#
.'.............#†# ###
.###############g#.....
..... .......gg....S#
.#### ####.......#....
## #.......# ##
#.......# #.......# ##
#.......#


You could see 3 gnolls.

Vanquished Creatures
  An ooze (D:1)
  3 dart slugs
  A ball python (D:2)
  3 giant cockroaches
  A goblin (D:2)
  3 hobgoblins
  3 jackals (D:1)
  3 bats (D:2)
  3 frilled lizards (D:1)
  4 kobolds
  6 rats
31 creatures vanquished.

Notes
Turn   | Place    | Note
-------+----------+-------------------------------------------
     0 | D:1      | kae the Octopode Transmuter began the quest for the Orb.
     0 | D:1      | Reached XP level 1. HP: 13/13 MP: 3/3
   309 | D:1      | Reached XP level 2. HP: 10/18 MP: 3/5
  1213 | D:1      | Reached XP level 3. HP: 18/23 MP: 4/6
  1790 | D:2      | Noticed Terence
  1804 | D:2      | Mangled by a gnoll

Illustrated notes

Levels and vault maps discovered:
D:1:      dpeg_arrival_pits, layout_basic, serial_glass, glass_columns_c,
          glass_columns_b, glass_columns_b, glass_columns_c, glass_columns_a,
          glass_columns_a, glass_columns_b, glass_columns_b
D:2:      layout_basic, uniq_terence

Action                   || total
-------------------------++-------
Melee: Unarmed           ||    70
       Constrict         ||    20
       Tentacles         ||    12
       Kick              ||    11
 Cast: Beastly Appendage ||    16
  Use: Potion            ||     2
       Scroll            ||     1
 Stab: Sleeping          ||     1
Armor: Skin              ||    12
Dodge: Dodged            ||    44

Table legend: (Time is in decaauts)
 A = Elapsed time spent in this place.
 B = Non-inter-level travel time spent in this place.
 C = Inter-level travel time spent in this place.
 D = Time resting spent in this place.
 E = Time spent auto-exploring this place.
 F = Levels seen in this place.
 G = Mean time per level.
                   A        B        C        D        E       F      G
               +--------+--------+--------+--------+--------+-----+--------+
         Total |   1798 |   1781 |     17 |    210 |   1367 |   2 |  899.0 |
       Dungeon |   1798 |   1781 |     17 |    210 |   1367 |   2 |  899.0 |
               +--------+--------+--------+--------+--------+-----+--------+

Top non-repeatable levels by time:
     D:1: 1370 daAuts
     D:2: 428 daAuts
